 Dungeon Crawl Stone Soup version 0.31-a0-180-g519b7de00c (webtiles) character file.

Game seed: 1937497124016591958

48 qw the Chopper (level 3, 0/23 HPs)
             Began as a Gargoyle Fighter on June 19, 2023.
             Slain by a gnoll
             ... wielding a +0 spear
              (1 damage)
             ... on level 2 of the Dungeon.
             The game lasted 00:00:30 (1271 turns).

qw the Chopper (Gargoyle Fighter)                   Turns: 1271, Time: 00:00:30

Health: 0/23       AC: 10    Str: 21    XL:     3   Next: 72%
Magic:  3/3        EV:  9    Int:  8    God:
Gold:   117        SH:  4    Dex:  9    Spells: 2/2 levels left

rFire   . . .        Y - +0 war axe
rCold   . . .        c - +0 buckler
rNeg    + . .        b - +0 scale mail
rPois   inf          (no helmet)
rElec   +            (no cloak)
rCorr   .            (no gloves)
SInv    .            (no boots)
Will    .....        (no amulet) Stlth
                     (no ring)
HPRegen 0.23/turn    (no ring)
MPRegen 0.08/turn

%: no passive effects
@: no status effects
A: sickness immunity, AC +3, negative energy resistance 1, electricity
resistance, torment resistance 1, petrification resistance
a: no special abilities


You were on level 2 of the Dungeon.
You visited 1 branch of the dungeon, and saw 2 of its levels.

You collected 117 gold pieces.


Innate Abilities, Weirdness & Mutations

You are immune to sickness and miasma.
Your stone body is resilient. (AC +3)
You are immune to poison.
You resist negative energy. (rN+)
You are resistant to electric shocks. (rElec)
You are resistant to unholy torment.
You are immune to petrification.


   Skills:
 - Level 3.2 Fighting
 + Level 3.6 Axes
 - Level 3.2 Armour
 - Level 3.2 Shields


You had 2 spell levels left.
You didn't know any spells.
Your spell library was empty.

Inventory:

Hand Weapons
 j - a +0 whip
 Y - a +0 war axe (weapon)
Armour
 b - a +0 scale mail (worn)
 c - a +0 buckler (worn)
 f - a +0 helmet
Jewellery
 a - a ring of protection from cold
Scrolls
 e - a scroll of amnesia {unknown}
 g - a scroll of identify
Potions
 d - a potion of might
 h - a potion of curing {unknown}
 i - a potion of resistance
 k - 2 potions of mutation {unknown}

Dungeon Overview and Level Annotations

Branches:
Dungeon (2/15)

Altars:


Message History

Enter note: You hit the gnoll but do no damage.
The gnoll hits you with a +0 club.
You hit the gnoll but do no damage. The gnoll barely misses you.
The gnoll hits you from afar with a +0 spear.
A gnoll comes into view. It is wielding a +0 whip.
The gnoll completely misses you. The gnoll closely misses you.
The gnoll shouts!
You hit the gnoll.
The gnoll is lightly wounded.
The gnoll barely misses you.
You barely miss the gnoll.
The gnoll is lightly wounded.
The gnoll hits you but does no damage. The gnoll closely misses you.
You slash the gnoll!
The gnoll is almost dead.
The gnoll hits you but does no damage.
The gnoll hits you from afar with a +0 spear. x2
The gnoll closely misses you.
You completely miss the gnoll.
The gnoll is almost dead.
The gnoll hits you with a +0 club! The gnoll barely misses you.
You barely miss the gnoll.
The gnoll is almost dead.
You block the gnoll's attack. The gnoll barely misses you.
You slash the gnoll!
You kill the gnoll!
You slash the gnoll! The gnoll hits you with a +0 whip. The gnoll misses you.
The gnoll barely misses you.
You hit the gnoll but do no damage.
The gnoll is severely wounded.
The gnoll closely misses you.
The gnoll hits you from afar with a +0 spear.
You slash the gnoll!
You kill the gnoll!
The gnoll hits you but does no damage.
The gnoll hits you from afar with a +0 spear.
You die...

###.....# #.......#.##### ###
#.##### #)#####.#.##.. ... ###>#
####.# #.#.##.# # ....# #....#
#.%.##.##### # .##.######.##.#
#..........####
.##........##.#####............##
.############.......##...........
.# #...>.)..............## .#
#!##g.@...##.....#...## .#
.......)...##.#.......## .#
##..#......##...###.#.## .# ##
##...#.###... ...... #####.#
#.####.#.## #.. ....# ###


You could see a gnoll.

Vanquished Creatures
  Robin (D:2)
  2 gnolls (D:2)
  2 endoplasms
  5 goblins (D:2)
  3 hobgoblins (D:2)
  5 jackals
  A quokka (D:2)
  A ball python (D:1)
  A bat (D:2)
  3 kobolds (D:2)
  3 rats
27 creatures vanquished.

Notes
Turn   | Place    | Note
-------+----------+-------------------------------------------
     0 | D:1      | qw the Gargoyle Fighter began the quest for the Orb.
     0 | D:1      | Reached XP level 1. HP: 14/14 MP: 1/1
     0 | D:1      | 0 ||| qw: Version: 0.3-a-7-ge0c9b40
     0 | D:1      | 0 ||| qw: Game counter: 945
     0 | D:1      | 0 ||| qw: Always use a shield: true
     0 | D:1      | 0 ||| qw: God list: Okawaru
     0 | D:1      | 0 ||| qw: Allow faded altars: false
     0 | D:1      | 0 ||| qw: Do Orc after D:15 true
     0 | D:1      | 0 ||| qw: Do second Lair branch before Depths: true
     0 | D:1      | 0 ||| qw: Lair rune preference: random
     0 | D:1      | 0 ||| qw: Plans: Normal, Zot:1-4, Slime:5, God:TSO, Crypt,
                  | Tomb, Abyss, Pan, Hells, Win
     0 | D:1      | 0 ||| PLANNING D:1-11
    99 | D:1      | 99 ||| FLEEEEING.
   184 | D:1      | Found a faded altar of an unknown god.
   548 | D:1      | Reached XP level 2. HP: 19/19 MP: 2/2
   592 | D:1      | 592 ||| READING scroll labelled VUOGEM KISU.
   693 | D:1      | 693 ||| READING scroll labelled ATUAS NEDAGH.
   694 | D:1      | 694 ||| READING scroll labelled GOQUULA TAZU.
   737 | D:2      | 737 ||| Stepping ~*~*~tactically~*~*~ (hiding).
   802 | D:2      | 802 ||| Stepping ~*~*~tactically~*~*~ (stealth).
   803 | D:2      | Noticed Robin
   816 | D:2      | Killed Robin
   817 | D:2      | Reached skill level 3 in Axes
   817 | D:2      | Reached XP level 3. HP: 15/23 MP: 3/3
   893 | D:2      | 893 ||| Stepping ~*~*~tactically~*~*~ (hiding).
   972 | D:2      | 972 ||| DROPPING +0 club.
  1080 | D:2      | 1080 ||| Stepping ~*~*~tactically~*~*~ (stealth).
  1267 | D:2      | HP: 5/23 [gnoll/+0 club (7)]
  1269 | D:2      | HP: 2/23 [gnoll/+0 whip (3)]
  1271 | D:2      | Slain by a gnoll

Levels and vault maps discovered:
D:1:      minmay_arrival_stone_box, layout_basic,
          hellmonk_ecumenical_altar_pennies_from_heaven, minmay_misc_feat_five,
          hangedman_decor_points
D:2:      layout_loops_ring, uniq_robin

Skill      XL: |  1  2 |
---------------+-------+-----
Axes           | 2 3 |  3.6
Fighting       | |  3.2
Armour         | |  3.2
Shields        | |  3.2

Action                     || total
---------------------------++-------
  Melee: War axe           ||    90
    Use: Scroll            ||     3
 Armour: Scale mail        ||    54
  Dodge: Dodged            ||    57
  Block: Buckler           ||    17

Table legend:
 A = Non-vault XP
 B = Vault XP
 C = Vault XP percentage of total XP
 D = Non-vault monster count
 E = Vault monster count
 F = Vault count percentage of total count
                 A         B        C        D         E       F
            +---------+---------+-------+---------+---------+-------
      Total |      57 |      26 |  31.3 |      20 |       7 |  25.9
            +---------+---------+-------+---------+---------+-------
        D:1 |      10 |       0 |   0.0 |       6 |       0 |   0.0
        D:2 |      47 |      26 |  35.6 |      14 |       7 |  33.3
            +---------+---------+-------+---------+---------+-------
